[Event "Titled Tuesday Blitz April 19 Late 2022"]
[White "Jacobson, Aaron"]
[Black "Andreikin, Dmitry"]
[WhiteFideId "2089912"]
[BlackFideId "4158814"]
[WhiteElo "2265"]
[BlackElo "2736"]
[Result "1/2-1/2"]
[Round "01"]
[TimeControl "180+1"]
[Date "2022.04.19"]
[WhiteClock "0:00:07"]
[BlackClock "0:00:30"]

1. e4 c5 2. Nf3 e6 3. d4 cxd4 4. Bg5 Qc7 5. Nxd4 a6 6. Nc3 Nc6 7. Nxc6 Qxc6 8. Bd3 Be7 9. Bxe7 Nxe7 10. O-O O-O 11. e5 Qc7 12. Qh5 Ng6 13. Rae1 b5 14. Ne4 h6 15. Nf6+ gxf6 16. Bxg6 Kg7 17. exf6+ Kxf6 18. Qxh6 Ke7 19. Be4 Bb7 20. Bxb7 Qxb7 21. f4 Rg8 22. Qh4+ Kd6 23. Rf2 Qd5 24. f5 Kc6 25. Qh5 Kb6 26. Rd1 Qe5 27. Qxf7 Rg7 28. Qh5 Rh8 29. Qxh8 Rxg2+ 30. Kxg2 Qxh8 31. f6 Qh5 32. Rdf1 Qf7 33. Kh1 e5 34. h3 d5 35. Rg1 e4 36. Rg7 Qf8 37. f7 e3 38. Rf6+ Ka5 39. Rg8 e2 40. Rxf8 e1=Q+ 41. Kg2 Qe4+ 42. Rf3 Qxc2+ 43. Rf2 Qe4+ 44. Kh2 Qe5+ 45. Kh1 Qe1+ 46. Kg2 Qe4+ 47. Kh2 Qe5+ 48. Kh1 Qe1+ 49. Kg2 Qe4+ 1/2-1/2


[Site "https://www.chess.com"]

[Event "Titled Tuesday Blitz April 19 Late 2022"]
[White "Jaferian, Koosha"]
[Black "Onslow, Alfie"]
[WhiteFideId "12507440"]
[BlackFideId "436976"]
[WhiteElo "2030"]
[BlackElo "1884"]
[Result "1-0"]
[Round "01"]
[TimeControl "180+1"]
[Date "2022.04.19"]
[WhiteClock "0:00:28"]
[BlackClock "0:00:05"]

1. Nf3 c5 2. b3 Nc6 3. Bb2 d6 4. d4 cxd4 5. Nxd4 Nf6 6. g3 Bd7 7. Bg2 Rc8 8. c4 g6 9. O-O Bg7 10. Nc3 O-O 11. Rc1 a6 12. Qd2 Nxd4 13. Qxd4 Bc6 14. Nd5 Bxd5 15. Bxd5 Qc7 16. Rfd1 b6 17. Bg2 Rfd8 18. Qd2 a5 19. h3 Qd7 20. Bd4 Qc7 21. Qe3 Nd7 22. Bxg7 Kxg7 23. Qxe7 Re8 24. Qxd6 Nc5 25. Qxc7 Rxc7 26. e3 a4 27. b4 Na6 28. a3 Rec8 29. Bd5 Rd7 30. Rd2 Nc7 31. e4 Ne6 32. Rcd1 Ng5 33. Kg2 h5 34. h4 Nh7 35. Rc2 Nf6 36. f3 Rdc7 37. Rcd2 Nd7 38. Bxf7 Ne5 39. Bd5 Nxc4 40. Bxc4 Rxc4 41. Rd3 Rc2+ 42. R1d2 Rxd2+ 43. Rxd2 Rc3 44. Rd6 Rxa3 45. Rxb6 Ra2+ 46. Kh3 Rb2 47. f4 a3 48. e5 a2 49. Ra6 Kf7 50. b5 Ke7 51. b6 Kd7 52. Ra7+ Kc6 53. b7 Kc7 54. e6 Kb8 55. Ra3 Re2 56. e7 Kxb7 57. Rxa2 Rxe7 58. Rc2 Rg7 59. g4 hxg4+ 60. Kxg4 Rf7 61. Kg5 Rg7 62. Kf6 Rg8 63. Kf7 Rh8 64. Kxg6 Rxh4 65. f5 Rg4+ 66. Kf7 Kb6 67. f6 1-0


[Site "https://www.chess.com"]

[Event "Titled Tuesday Blitz April 19 Late 2022"]
[White "Janaszak, Dawid"]
[Black "Girsh, Daniel"]
[WhiteFideId "1119206"]
[BlackFideId "30949190"]
[WhiteElo "2199"]
[BlackElo "2315"]
[Result "1-0"]
[Round "01"]
[TimeControl "180+1"]
[Date "2022.04.19"]
[WhiteClock "0:00:32"]
[BlackClock "0:00:03"]

1. e4 c5 2. Nc3 d6 3. f4 g6 4. Nf3 Bg7 5. Bc4 Nc6 6. O-O e6 7. d4 cxd4 8. Nb5 Nge7 9. Bb3 O-O 10. Nbxd4 Na5 11. c3 Nxb3 12. axb3 d5 13. e5 Nc6 14. Be3 a6 15. Qe1 Bd7 16. b4 Re8 17. Kh1 Rc8 18. g4 f6 19. Qg3 Qc7 20. Nxc6 Bxc6 21. Bd4 Rf8 22. Rfe1 fxe5 23. Nxe5 Bxe5 24. Rxe5 Rf7 25. Rae1 Rcf8 26. f5 exf5 27. gxf5 Rf6 28. Re7 Qxg3 29. hxg3 R6f7 30. f6 Rxe7 31. fxe7 Re8 32. Kh2 Kf7 33. Bc5 Bb5 34. g4 h6 35. Kg3 Kf6 36. Kf4 g5+ 37. Kg3 Kg6 38. Rh1 Bd3 39. Rh2 Be4 40. Rf2 Kg7 41. Bd4+ Kg8 42. Bc5 Kg7 43. Re2 Kf7 44. c4 Ke6 45. b3 Ke5 46. Rf2 Bg6 47. Re2+ Be4 48. Rh2 d4 49. Kf2 d3 50. Ke3 b6 51. Bd4+ Ke6 52. Rxh6+ Kf7 53. Kxe4 d2 54. Rh7+ Kg6 55. Rh1 Rxe7+ 56. Be5 Rd7 57. Rd1 Kf7 58. c5 Ke6 59. c6 Rb7 60. cxb7 1-0


[Site "https://www.chess.com"]

[Event "Titled Tuesday Blitz April 19 Late 2022"]
[White "Janturin, Artur"]
[Black "Sochacki, Christophe"]
[WhiteFideId "4130022"]
[BlackFideId "662569"]
[WhiteElo "2368"]
[BlackElo "2480"]
[Result "1/2-1/2"]
[Round "01"]
[TimeControl "180+1"]
[Date "2022.04.19"]
[WhiteClock "0:00:12"]
[BlackClock "0:01:57"]

1. b3 e6 2. Bb2 Nc6 3. e4 Nf6 4. e5 Nd5 5. c4 Nf4 6. g3 Ng6 7. f4 d6 8. d4 dxe5 9. dxe5 Bb4+ 10. Nc3 O-O 11. Nf3 f6 12. Qxd8 Rxd8 13. exf6 gxf6 14. a3 Be7 15. Bg2 e5 16. Nd5 Bf5 17. Nxc7 Rac8 18. Nd5 Be4 19. Nh4 Bxg2 20. Nxg2 Na5 21. fxe5 fxe5 22. Nxe7+ Nxe7 23. Bxe5 Nxb3 24. Rb1 Rxc4 25. O-O Nc5 26. Bf6 Rd7 27. Nf4 Nd5 28. Nxd5 Rxd5 29. Rbd1 Rxd1 30. Rxd1 Kf7 31. Be5 Ke6 32. Bf4 b5 33. Rd6+ Kf5 34. Rh6 Ke4 35. Rxh7 Kf3 36. h4 Nd3 37. h5 a5 38. Kh2 Nf2 39. Rf7 b4 40. axb4 axb4 41. Bd6+ Ke2 42. h6 Ng4+ 43. Kh3 Nxh6 44. Rb7 Ng4 45. Rxb4 Nf2+ 46. Kg2 Rc2 47. Rb8 Ke3 48. Bf4+ Ke4 49. Re8+ Kd5 50. Rd8+ Ke4 51. Re8+ Kd5 52. Rd8+ Ke6 53. Re8+ Kf6 54. Rf8+ Kg6 55. Rg8+ Kf5 56. Rf8+ Ke4 57. Re8+ 1/2-1/2


[Site "https://www.chess.com"]

[Event "Titled Tuesday Blitz April 19 Late 2022"]
[White "Jegorovas, Aleksandras"]
[Black "msolleveld"]
[WhiteFideId "12801950"]
[WhiteElo "2247"]
[BlackElo "2892"]
[Result "0-1"]
[Round "01"]
[TimeControl "180+1"]
[Date "2022.04.19"]
[WhiteClock "0:00:14"]
[BlackClock "0:00:30"]

1. Nf3 Nf6 2. c4 g6 3. Nc3 Bg7 4. e4 d6 5. d4 O-O 6. Be2 e5 7. O-O h6 8. d5 a5 9. Ne1 Nfd7 10. Nd3 f5 11. f3 Na6 12. Be3 Nac5 13. b3 b6 14. Qc2 Nf6 15. Nxc5 bxc5 16. a3 Nh5 17. g3 f4 18. Bf2 fxg3 19. hxg3 Qg5 20. Kh2 Nf4 21. gxf4 Qh5+ 22. Kg1 exf4 23. Rfd1 Bh3 24. Bf1 Qxf3 25. Qd3 Qg4+ 26. Kh2 f3 27. Bxh3 Be5+ 28. Kh1 Qxh3+ 29. Kg1 Qg2# 0-1


[Site "https://www.chess.com"]

[Event "Titled Tuesday Blitz April 19 Late 2022"]
[White "Jimenez Fernandez, Rebeca"]
[Black "Ezat, Mohamed"]
[WhiteFideId "32070934"]
[BlackFideId "10600906"]
[WhiteElo "1853"]
[BlackElo "2386"]
[Result "0-1"]
[Round "01"]
[TimeControl "180+1"]
[Date "2022.04.19"]
[WhiteClock "0:01:07"]
[BlackClock "0:01:34"]

1. e4 Nf6 2. e5 Nd5 3. d4 d6 4. c4 Nb6 5. exd6 exd6 6. Nc3 Be7 7. Be3 O-O 8. b3 Bf6 9. Rc1 Re8 10. Nge2 Bg4 11. h3 Bh5 12. g4 Bg6 13. Bg2 Bg5 14. Bxg5 Qxg5 15. O-O Nc6 16. f4 Qh4 17. f5 Re3 18. fxg6 hxg6 19. Qe1 Qe7 20. Qf2 Re8 21. Nd5 Nxd5 22. Bxd5 Rxe2 23. Qxf7+ Kh7 24. Rf2 Qe3 25. Bxc6 Qxc1+ 26. Rf1 Qe3+ 27. Kh1 Qxh3+ 0-1


[Site "https://www.chess.com"]

[Event "Titled Tuesday Blitz April 19 Late 2022"]
[White "Kaasen, Tor Fredrik"]
[Black "Jaskolka, Tomasz"]
[WhiteFideId "1516647"]
[BlackFideId "1170791"]
[WhiteElo "2335"]
[BlackElo "2073"]
[Result "1-0"]
[Round "01"]
[TimeControl "180+1"]
[Date "2022.04.19"]
[WhiteClock "0:01:29"]
[BlackClock "0:00:34"]

1. e4 c5 2. Nf3 e6 3. d4 cxd4 4. Nxd4 Nc6 5. Nc3 Qc7 6. g3 a6 7. Bg2 Nf6 8. O-O Nxd4 9. Qxd4 Bc5 10. Bf4 d6 11. Qd2 h6 12. Rad1 e5 13. Be3 Bb4 14. Nb5 axb5 15. Qxb4 Rxa2 16. Rxd6 O-O 17. Rd2 Be6 18. f3 Rfa8 19. Rfd1 Qc4 20. c3 Qxb4 21. cxb4 Bb3 22. Rc1 Bc4 23. Bf1 Ra1 24. Rdd1 Rxc1 25. Rxc1 Ra2 26. Bxc4 bxc4 27. Rxc4 Rxb2 28. Rc8+ Kh7 29. Rc7 Rxb4 30. Rxf7 b5 31. Bc5 Rb2 32. Bd6 Kg6 33. Rb7 Rb3 34. Kg2 Rb2+ 35. Kh3 Rb3 36. Bf8 Rxf3 37. Rxg7+ Kh5 38. Kg2 Re3 39. h3 Nxe4 40. g4+ Kh4 41. Be7+ Ng5 42. Bxg5+ hxg5 43. Rh7# 1-0


[Site "https://www.chess.com"]

[Event "Titled Tuesday Blitz April 19 Late 2022"]
[White "Kaganskiy, Gleb"]
[Black "Taboas Rodriguez, Daniel"]
[WhiteFideId "4132025"]
[BlackFideId "2208466"]
[WhiteElo "2165"]
[BlackElo "2429"]
[Result "1-0"]
[Round "01"]
[TimeControl "180+1"]
[Date "2022.04.19"]
[WhiteClock "0:02:23"]
[BlackClock "0:02:43"]

1. e4 e6 2. d4 d5 3. Nd2 Nc6 4. Ngf3 Nf6 5. e5 Ne4 6. Bb5 Bd7 7. O-O Nxe5 8. Nxe5 Bxb5 9. Nxe4 Bxf1 10. Qxf1 dxe4 11. Qb5+ c6 12. Qxb7 Rc8 13. Qxf7# 1-0


[Site "https://www.chess.com"]

[Event "Titled Tuesday Blitz April 19 Late 2022"]
[White "Kalogridis, Antonios"]
[Black "Leiva, Gianmarco"]
[WhiteFideId "25833901"]
[BlackFideId "3804399"]
[WhiteElo "1596"]
[BlackElo "2323"]
[Result "0-1"]
[Round "01"]
[TimeControl "180+1"]
[Date "2022.04.19"]
[WhiteClock "0:00:01"]
[BlackClock "0:00:22"]

1. d4 Nf6 2. c4 e6 3. Nc3 Bb4 4. Bd2 O-O 5. a3 Bxc3 6. Bxc3 d6 7. Nf3 Nbd7 8. e3 Ne4 9. Qc2 f5 10. Bd3 Nxc3 11. Qxc3 b6 12. O-O Bb7 13. Rae1 Bxf3 14. gxf3 Qg5+ 15. Kh1 Qh5 16. Be2 Qh4 17. Rg1 Qxf2 18. Rg2 Qh4 19. Reg1 Rf7 20. b4 Nf6 21. Bd3 Qh5 22. Rg3 Kh8 23. d5 e5 24. Qe1 f4 25. exf4 exf4 26. Rg4 Nxg4 27. Rxg4 Qe5 28. Qh4 h6 29. Be4 Re8 30. Rg6 Qa1+ 31. Kg2 Rxe4 32. fxe4 f3+ 33. Kh3 Qf1+ 34. Kg4 Qg2+ 35. Kh5 Qxg6+ 36. Kxg6 Rf6+ 37. Kh5 f2 38. e5 dxe5 39. Qh3 f1=Q 40. Qc8+ Rf8 41. Qe6 Qf3+ 42. Kg6 0-1


[Site "https://www.chess.com"]

[Event "Titled Tuesday Blitz April 19 Late 2022"]
[White "Kanyamarala, Trisha"]
[Black "Mekhitarian, Krikor Sevag"]
[WhiteFideId "45004722"]
[BlackFideId "2107660"]
[WhiteElo "2079"]
[BlackElo "2598"]
[Result "0-1"]
[Round "01"]
[TimeControl "180+1"]
[Date "2022.04.19"]
[WhiteClock "0:00:05"]
[BlackClock "0:00:13"]

1. c4 e6 2. Nc3 b6 3. g3 Bb7 4. Nf3 Bxf3 5. exf3 c5 6. Bg2 Nc6 7. O-O Rc8 8. f4 g6 9. d3 Bg7 10. Be3 Nge7 11. Nb5 d5 12. cxd5 exd5 13. d4 a6 14. Na3 cxd4 15. Bd2 O-O 16. Rb1 b5 17. Nc2 Qd6 18. a3 Rfe8 19. Nb4 Nxb4 20. Bxb4 Qd7 21. Qd3 Nc6 22. Bc5 h5 23. b4 Ne7 24. Qb3 Red8 25. Rfe1 Nf5 26. Rbd1 Kh7 27. Bh3 Re8 28. Bg2 Rxe1+ 29. Rxe1 Rd8 30. Bh3 Bf6 31. Qd3 Kg7 32. Rd1 Re8 33. Bxd4 Bxd4 34. Qxd4+ Nxd4 35. Bxd7 Re7 36. Bc8 Ne2+ 37. Kf1 Nc3 38. Rd3 Rc7 39. Bxa6 Kf6 40. Bb7 Ke6 41. Ba6 Kd6 42. Ke1 Rc4 43. Kd2 Ne4+ 44. Ke3 Kc6 45. f3 Nd6 46. g4 h4 47. f5 gxf5 48. gxf5 Nxf5+ 49. Kf2 Nd6 50. Rd2 Rc3 51. a4 bxa4 52. b5+ Nxb5 53. Bxb5+ Kxb5 54. Rxd5+ Rc5 55. Rd8 Kb4 56. Rb8+ Rb5 57. Rh8 a3 58. Rxh4+ Kb3 59. Rh8 a2 60. Ra8 Rb4 61. h4 Ra4 62. Rb8+ Kc4 63. Rc8+ Kd5 64. Rc1 a1=Q 65. Rxa1 Rxa1 66. Kg3 Ke6 67. Kg4 Kf6 68. Kh5 Kg7 69. Kg5 Ra5+ 70. Kg4 Kg6 71. f4 f5+ 72. Kg3 Ra3+ 73. Kg2 Kh5 0-1


[Site "https://www.chess.com"]

[Event "Titled Tuesday Blitz April 19 Late 2022"]
[White "Karttunen, Mika"]
[Black "Palacio,Igor Da Paz"]
[WhiteFideId "502081"]
[BlackFideId "2121140"]
[WhiteElo "2343"]
[BlackElo "2144"]
[Result "1-0"]
[Round "01"]
[TimeControl "180+1"]
[Date "2022.04.19"]
[WhiteClock "0:00:25"]
[BlackClock "0:00:02"]

1. e4 Nf6 2. e5 Nd5 3. d4 d6 4. c4 Nb6 5. f4 dxe5 6. fxe5 Bf5 7. Nc3 e6 8. Be3 Nc6 9. Nf3 Bb4 10. Be2 Na5 11. c5 Nd5 12. Bd2 Nc6 13. a3 Bxc3 14. bxc3 O-O 15. c4 Nde7 16. Bc3 Be4 17. Ng5 Bg6 18. g4 h6 19. Nf3 Be4 20. O-O Qd7 21. Qd2 Rad8 22. Rad1 Ng6 23. Qe3 Bxf3 24. Bxf3 Qe7 25. Be4 Qh4 26. Qg3 Qxg3+ 27. hxg3 Nge7 28. Kg2 b6 29. d5 Na5 30. Bxa5 bxa5 31. d6 Ng6 32. Bxg6 fxg6 33. Rxf8+ Kxf8 34. dxc7 1-0


[Site "https://www.chess.com"]

[Event "Titled Tuesday Blitz April 19 Late 2022"]
[White "Karwowski, Kacper"]
[Black "Bazeev, German"]
[WhiteFideId "1126032"]
[BlackFideId "24119350"]
[WhiteElo "2261"]
[BlackElo "2493"]
[Result "0-1"]
[Round "01"]
[TimeControl "180+1"]
[Date "2022.04.19"]
[WhiteClock "0:00:01"]
[BlackClock "0:02:14"]

1. e4 c6 2. d4 d5 3. exd5 cxd5 4. Bd3 Nc6 5. c3 g6 6. Bf4 Nf6 7. Nd2 Bf5 8. Be2 h5 9. Ngf3 e6 10. h3 Bd6 11. Bxd6 Qxd6 12. O-O Rg8 13. Ng5 Qf4 14. Ndf3 Ne4 15. Qc1 Qxc1 16. Raxc1 Nxg5 17. Nxg5 f6 18. Nf3 g5 19. h4 g4 20. Nd2 O-O-O 21. Bb5 Ne7 22. g3 a6 23. Ba4 Be4 24. Rfe1 f5 25. c4 Kb8 26. c5 e5 27. Nb3 Rc8 28. dxe5 Ng6 29. Nd4 Nxe5 30. Bc2 Rxc5 31. Bxe4 Rxc1 32. Rxc1 fxe4 33. Ne6 Nf3+ 34. Kg2 d4 35. Nf4 d3 36. Nxh5 d2 37. Rd1 Rc8 38. Nf4 Rc1 0-1


[Site "https://www.chess.com"]

[Event "Titled Tuesday Blitz April 19 Late 2022"]
[White "Kavyev, Ruslan"]
[Black "Lopez, Henry"]
[WhiteFideId "34110981"]
[BlackFideId "5203830"]
[WhiteElo "2182"]
[BlackElo "2177"]
[Result "1/2-1/2"]
[Round "01"]
[TimeControl "180+1"]
[Date "2022.04.19"]
[WhiteClock "0:01:01"]
[BlackClock "0:00:20"]

1. e4 c5 2. Nf3 d6 3. d4 cxd4 4. Nxd4 Nf6 5. Nc3 a6 6. Bc4 e6 7. Bb3 b5 8. O-O Be7 9. Qf3 Qb6 10. Be3 Qb7 11. Qg3 O-O 12. Bh6 Ne8 13. Rad1 Bd7 14. a3 Nc6 15. Nce2 Kh8 16. Be3 Nf6 17. f3 Rac8 18. Kh1 Na5 19. c3 e5 20. Ba2 exd4 21. Nxd4 Nc4 22. Bc1 a5 23. Rfe1 b4 24. axb4 axb4 25. Nf5 Bxf5 26. exf5 bxc3 27. bxc3 d5 28. Bg5 Nh5 29. Qh4 Bxg5 30. Qxg5 Nf6 31. Rd4 Qb2 32. Bxc4 Qxc3 33. Red1 Rxc4 34. R4d3 Qc2 35. h3 h6 36. Qg3 Re8 37. R3d2 Qc3 38. Rd3 Qe5 39. Kh2 Qxg3+ 40. Kxg3 Re2 41. R1d2 Rc2 42. Rxc2 Rxc2 43. h4 g5 44. fxg6 fxg6 45. Kh3 Kg7 46. g4 g5 47. hxg5 hxg5 48. f4 gxf4 49. g5 Ne4 50. Rxd5 Nf2+ 51. Kg2 Kg6 52. Kf3 Kh5 53. Kxf4 Nh3+ 54. Kg3 Nxg5 55. Ra5 Rc3+ 56. Kf2 Rf3+ 57. Kg2 Rf4 58. Kg3 Rg4+ 59. Kf2 Re4 60. Kg3 Re3+ 61. Kf2 Re4 62. Kg3 Re3+ 63. Kf2 Re4 1/2-1/2


[Site "https://www.chess.com"]

[Event "Titled Tuesday Blitz April 19 Late 2022"]
[White "Keymer, Vincent"]
[Black "Omariev, Maksim"]
[WhiteFideId "12940690"]
[BlackFideId "4193423"]
[WhiteElo "2557"]
[BlackElo "2506"]
[Result "1-0"]
[Round "01"]
[TimeControl "180+1"]
[Date "2022.04.19"]
[WhiteClock "0:00:17"]
[BlackClock "0:00:04"]

1. d4 d5 2. c4 e6 3. Nc3 Nf6 4. cxd5 exd5 5. Bg5 c6 6. e3 Be7 7. Bd3 Bg4 8. Qc2 Bh5 9. Nge2 Bg6 10. O-O Na6 11. a3 Nc7 12. b4 Ne6 13. Bh4 a6 14. Rab1 Bxd3 15. Qxd3 O-O 16. Rfc1 h6 17. Na4 Ne4 18. Bxe7 Qxe7 19. Nc5 Nd6 20. Ng3 Nc4 21. e4 b6 22. Nxe6 fxe6 23. Re1 Qf6 24. Re2 Rf7 25. Rbe1 b5 26. h3 a5 27. exd5 exd5 28. Nh5 Qh4 29. Re8+ Rf8 30. Qg6 Qxf2+ 31. Kh1 Qf7 32. Qxf7+ Kxf7 33. R8e7+ Kg8 34. Rxg7+ Kh8 35. Ree7 Rf1+ 36. Kh2 Nd6 37. Rh7+ Kg8 38. Reg7+ Kf8 39. Rh8# 1-0


[Site "https://www.chess.com"]

[Event "Titled Tuesday Blitz April 19 Late 2022"]
[White "Khripachenko, Alexander"]
[Black "Sanchez, Robert"]
[WhiteFideId "54184975"]
[BlackFideId "2034360"]
[WhiteElo "2193"]
[BlackElo "2376"]
[Result "1/2-1/2"]
[Round "01"]
[TimeControl "180+1"]
[Date "2022.04.19"]
[WhiteClock "0:02:13"]
[BlackClock "0:01:14"]

1. d4 d5 2. c4 c6 3. Nf3 Nf6 4. e3 g6 5. Nc3 Bg7 6. Be2 O-O 7. O-O dxc4 8. Bxc4 Bg4 9. Be2 Nbd7 10. b3 Qc7 11. Ba3 Rfe8 12. Rc1 Qa5 13. Bb2 Bxf3 14. Bxf3 e5 15. dxe5 Nxe5 16. Be2 Rad8 17. Qc2 Qc7 18. h3 Qb8 19. Rfd1 Rxd1+ 20. Rxd1 Rd8 21. Rd2 Qc7 22. Qd1 Rxd2 23. Qxd2 Qd7 24. Qxd7 Nexd7 25. Bc1 Nb6 26. Bd2 Nbd5 27. Nxd5 Nxd5 28. Bc4 f5 29. f3 Kf8 30. Bxd5 cxd5 31. Kf1 Ke7 32. Ke2 d4 33. Kf1 dxe3 34. Bxe3 a6 35. Ke2 Kd6 36. Kd3 Kd5 37. a4 Be5 38. g4 fxg4 39. fxg4 h5 40. gxh5 gxh5 41. b4 b5 42. a5 Bd6 43. Bd2 Be7 44. Be1 Bd6 45. Bd2 Be7 1/2-1/2


[Site "https://www.chess.com"]

[Event "Titled Tuesday Blitz April 19 Late 2022"]
[White "Koelle, Tobias"]
[Black "Balint, Vilmos"]
[WhiteFideId "16207378"]
[BlackFideId "718050"]
[WhiteElo "2541"]
[BlackElo "2059"]
[Result "1-0"]
[Round "01"]
[TimeControl "180+1"]
[Date "2022.04.19"]
[WhiteClock "0:00:53"]
[BlackClock "0:01:47"]

1. Nf3 d5 2. e3 g6 3. c4 c6 4. d4 Bg7 5. Nc3 Nf6 6. cxd5 Nxd5 7. Nxd5 cxd5 8. Bb5+ Bd7 9. Bxd7+ Qxd7 10. O-O Nc6 11. Bd2 O-O 12. Qb3 Rac8 13. Rfc1 e6 14. Bc3 Rc7 15. h3 Rfc8 16. a4 Ne7 17. Qd1 Nf5 18. a5 Nd6 19. Bb4 Ne4 20. Nd2 Nxd2 21. Qxd2 Bf8 22. Bxf8 Kxf8 23. Qb4+ Kg7 24. Rxc7 Qxc7 25. g3 h5 26. Ra3 h4 27. g4 Qc1+ 28. Kg2 Rc7 29. Rb3 g5 30. Qd6 Qc2 31. Qe5+ Kg6 32. Rb4 Qe4+ 33. Qxe4+ dxe4 34. Rb5 f5 35. d5 f4 36. dxe6 f3+ 37. Kh2 Rc2 38. Re5 Rxf2+ 39. Kg1 Rg2+ 40. Kf1 Kf6 41. e7 Kxe5 42. e8=Q+ Kd5 43. Qd7+ Kc4 44. Qxb7 Kd3 45. Qb3+ Kd2 46. Qc3+ Kd1 47. Qd4+ Kc2 48. Qxe4+ Kxb2 49. Qxf3 Rg3 50. Qxg3 hxg3 51. e4 1-0


[Site "https://www.chess.com"]

[Event "Titled Tuesday Blitz April 19 Late 2022"]
[White "Kohler, Aran"]
[Black "Sowa, Ryan"]
[WhiteFideId "1002856"]
[BlackFideId "30901693"]
[WhiteElo "2314"]
[BlackElo "2613"]
[Result "0-1"]
[Round "01"]
[TimeControl "180+1"]
[Date "2022.04.19"]
[WhiteClock "0:00:40"]
[BlackClock "0:00:47"]

1. d4 Nf6 2. Nf3 d5 3. Bg5 Ne4 4. Bh4 c5 5. e3 Nc6 6. c3 Bf5 7. Nbd2 Qb6 8. Qb3 c4 9. Qxb6 axb6 10. a3 h6 11. Nxe4 Bxe4 12. Rc1 e6 13. Nd2 Bg6 14. Be2 b5 15. O-O Nb8 16. f3 Nd7 17. e4 Nb6 18. Rfe1 Kd7 19. Bg3 Be7 20. Bd1 Na4 21. Bxa4 bxa4 22. Re2 Ra5 23. Rce1 Bd8 24. exd5 exd5 25. Nf1 Rb5 26. Be5 f6 27. Bf4 Bd3 28. Rf2 Be7 29. Bc1 Bd6 30. g3 h5 31. h4 Ra5 32. Kg2 Bg6 33. Rfe2 Raa8 34. Ne3 Kc6 35. Kf2 Bd3 36. Rd2 g5 37. hxg5 fxg5 38. Ng2 h4 39. gxh4 gxh4 40. Re6 h3 41. Rxd3 cxd3 42. Bf4 Rad8 43. Ne3 h2 0-1


[Site "https://www.chess.com"]

[Event "Titled Tuesday Blitz April 19 Late 2022"]
[White "Kollars, Dmitrij"]
[Black "Ronka, Erik"]
[WhiteFideId "12909572"]
[BlackFideId "505080"]
[WhiteElo "2584"]
[BlackElo "2264"]
[Result "1-0"]
[Round "01"]
[TimeControl "180+1"]
[Date "2022.04.19"]
[WhiteClock "0:00:35"]
[BlackClock "0:00:39"]

1. Nf3 d5 2. e3 Bg4 3. c4 e6 4. Qb3 Bxf3 5. gxf3 d4 6. Bg2 Nd7 7. exd4 Rb8 8. Nc3 Ngf6 9. d3 c6 10. Be3 Bd6 11. Ne4 Bc7 12. Qa3 Qe7 13. Qxe7+ Kxe7 14. Ke2 h6 15. f4 a6 16. Bf3 Bb6 17. b4 Rbd8 18. Nc5 Rb8 19. Rhe1 Bc7 20. Rab1 Bd6 21. Kd2 Nf8 22. a4 Ng6 23. f5 exf5 24. Bg5+ Kd8 25. Bxf6+ gxf6 26. b5 axb5 27. axb5 cxb5 28. Nxb7+ Kc7 29. Rxb5 Bf4+ 30. Kc3 Bxh2 31. Reb1 h5 32. Rxf5 h4 33. Rxf6 Rh7 34. Rc6+ Kd7 35. Nc5+ 1-0


[Site "https://www.chess.com"]

[Event "Titled Tuesday Blitz April 19 Late 2022"]
[White "Korchmar, Vasiliy"]
[Black "Mikhalsky, Vladimir"]
[WhiteFideId "24131750"]
[BlackFideId "14144352"]
[WhiteElo "2370"]
[BlackElo "2301"]
[Result "1-0"]
[Round "01"]
[TimeControl "180+1"]
[Date "2022.04.19"]
[WhiteClock "0:01:06"]
[BlackClock "0:00:14"]

1. d4 Nf6 2. Bf4 g6 3. Nc3 Bg7 4. Qd2 c5 5. d5 d6 6. O-O-O b5 7. Nxb5 Qb6 8. Nc3 Ne4 9. Qe3 Nxc3 10. bxc3 Qa5 11. Kd2 O-O 12. Bh6 Qxa2 13. Bxg7 Kxg7 14. c4 Qxc4 15. Qc3+ Qxc3+ 16. Kxc3 Na6 17. e4 Nb4 18. Bc4 a5 19. Ne2 Ba6 20. Bxa6 Rxa6 21. Ra1 a4 22. Ra3 e6 23. dxe6 fxe6 24. f3 d5 25. exd5 exd5 26. Rha1 d4+ 27. Kd2 Rfa8 28. c3 dxc3+ 29. Nxc3 Rd8+ 30. Ke2 Nc2 31. Rxa4 Re6+ 32. Ne4 Nxa1 33. Rxa1 Rb8 34. Ra7+ Kh6 35. Kf2 Rb2+ 36. Kg3 Rc6 37. h4 g5 38. Nxg5 c4 39. Kg4 c3 40. Rxh7+ Kg6 41. h5+ Kf6 42. Rh6+ Ke5 43. Rxc6 c2 44. Kg3 Kd5 45. Rc8 Rb8 46. Rxc2 Rg8 47. Kh4 1-0


[Site "https://www.chess.com"]

[Event "Titled Tuesday Blitz April 19 Late 2022"]
[White "Kosteniuk, Alexandra"]
[Black "Sarkar, Justin"]
[WhiteFideId "4128125"]
[BlackFideId "2010011"]
[WhiteElo "2469"]
[BlackElo "2038"]
[Result "1-0"]
[Round "01"]
[TimeControl "180+1"]
[Date "2022.04.19"]
[WhiteClock "0:01:09"]
[BlackClock "0:00:01"]

1. e4 c5 2. Nf3 Nc6 3. Bb5 Qc7 4. O-O Nf6 5. Re1 e6 6. e5 Nd5 7. c4 Nb6 8. Bxc6 Qxc6 9. d4 Nxc4 10. Nc3 Nb6 11. Bg5 d5 12. exd6 Qxd6 13. Ne4 Qd5 14. dxc5 Qxd1 15. Raxd1 Nd7 16. b4 f6 17. Be3 Be7 18. Nd6+ Bxd6 19. Rxd6 Kf7 20. b5 e5 21. a4 Nf8 22. c6 bxc6 23. Rxc6 Bg4 24. Rc7+ Kg6 25. Rxa7 1-0


[Site "https://www.chess.com"]

[Event "Titled Tuesday Blitz April 19 Late 2022"]
[White "Kozak, Adam"]
[Black "Jessel, Stephen"]
[WhiteFideId "753246"]
[BlackFideId "628859"]
[WhiteElo "2459"]
[BlackElo "2268"]
[Result "1-0"]
[Round "01"]
[TimeControl "180+1"]
[Date "2022.04.19"]
[WhiteClock "0:00:04"]
[BlackClock "0:00:05"]

1. Nf3 d5 2. b3 Nf6 3. Bb2 e6 4. g3 Be7 5. Bg2 O-O 6. O-O c5 7. Ne5 Nfd7 8. Nxd7 Bxd7 9. c4 Bc6 10. cxd5 Bxd5 11. e4 Bc6 12. d4 Bf6 13. e5 Be7 14. d5 exd5 15. Nd2 Re8 16. f4 Bf8 17. Qg4 g6 18. Rad1 Nd7 19. Nc4 dxc4 20. Bxc6 bxc6 21. Rxd7 Qc8 22. bxc4 Rb8 23. Bc3 Re7 24. Rfd1 Rb7 25. e6 Rxe6 26. Rd8 Re1+ 27. Rxe1 Qxg4 28. Ree8 f6 29. Rxf8+ Kg7 30. Bxf6+ Kh6 31. Rfe8 Qf3 32. Re1 Kh5 33. Rd2 Kg4 34. Rf2 Qd3 35. Kg2 Rb1 36. Re5 g5 37. h3+ Kh5 38. Rxg5+ Kh6 39. Bg7# 1-0


[Site "https://www.chess.com"]

[Event "Titled Tuesday Blitz April 19 Late 2022"]
[White "Koziorowicz, Michal"]
[Black "Fernandez Siles, Luis"]
[WhiteFideId "21809194"]
[BlackFideId "2209420"]
[WhiteElo "2235"]
[BlackElo "2212"]
[Result "0-1"]
[Round "01"]
[TimeControl "180+1"]
[Date "2022.04.19"]
[WhiteClock "0:02:17"]
[BlackClock "0:01:56"]

1. e4 e5 2. Nc3 Nf6 3. Bc4 Nc6 4. d3 Bb4 5. Ne2 d5 6. exd5 Nxd5 7. O-O Nxc3 8. Nxc3 Bxc3 9. bxc3 O-O 10. Qh5 Qf6 11. Re1 Re8 12. Bg5 Qg6 13. Qh4 Be6 14. Bb3 a5 15. a4 Bxb3 16. cxb3 f6 17. Be3 Rad8 18. d4 Qc2 19. dxe5 Nxe5 20. Bd4 Qxb3 21. Bxe5 fxe5 22. Rxe5 Rd1+ 23. Re1 Rexe1# 0-1


[Site "https://www.chess.com"]